Map: Kairos Junction LE

Players

Parkkatz

  • Race: Zerg Zerg
  • League: Platinum
  • Spawn Location: 5:00

VOD

Have the link to the VOD?

Description

Time

  • Played on: July 3, 2019, 8:01 a.m.
  • Length: 5:25
Show
View Real Time Build Order
Export as new Build Order

Parkkatz Zerg 

Build Orders:  

Get SALT Encoding   

  12  0:01  Drone  
  13  0:25  Overlord  
  13  0:26  Drone  
  14  0:50  Drone x2  
  14  0:56  Drone  
  17  1:19  Drone  
  18  1:24  Hatchery  
  17  1:39  Extractor  
  16  1:41  Drone  
  16  1:47  Drone  
  18  2:00  Drone, Spawning Pool  
  18  2:11  Drone  
  19  2:26  Overlord  
  19  3:06  Queen x2  
  19  3:07  Zergling x2  
  19  3:08  Zergling x4  
  26  3:11  Drone  
  27  3:22  Drone  
  27  3:26  Drone  
  29  3:47  Drone  
  29  3:48  Drone  
  31  3:53  Overlord  
  31  3:56  Queen  
  33  4:21  Drone x2  
  33  4:22  Drone x2, Baneling Nest  
  36  4:45  Hatchery  
  37  4:56  Drone x4  
Tags
 
Add a new tag
Caveats
  • Supply blocks, unpowered buildings, or Contaminate may cause inaccurate times.
  • Supply counts are checked every 10 seconds.